 Dungeon Crawl Stone Soup version 0.20-a0-833-gc632bec (webtiles) character file.

242 Dfrag the Digger (level 6, -1/32 HPs)
             Began as a Gargoyle Earth Elementalist on Mar 8, 2017.
             Slain by a gnoll
             ... wielding a +0 spear
              (5 damage)
             ... on level 4 of the Dungeon.
             The game lasted 00:04:14 (1992 turns).

Dfrag the Digger (Gargoyle Earth Elementalist)      Turns: 1992, Time: 00:04:14

Health: -1/32      AC:  7    Str: 12    XL:     6   Next: 9%
Magic:  11/21      EV: 12    Int: 17    God:
Gold:   111        SH:  0    Dex: 10    Spells: 9/13 levels left

rFire    . . .     SeeInvis +   y - +3 flail
rCold    + . .     Gourm    .   c - +0 robe
rNeg     + . .     Faith    .   (no shield)
rPois    ∞         Spirit   .   z - +0 helmet
rElec    +         Reflect  .   h - scarf {rC+}
rCorr    .         Harm     .   (no gloves)
MR       .....                  (no boots)
Stlth    ++........             (no amulet)
Regen    0.1/turn               D - ring of magical power
MPRegen  0.2/turn               v - ring of see invisible

@: no status effects
A: negative energy resistance 1, electricity resistance, unbreathing,
petrification resistance, rot immunity, AC +4
a: no special abilities


You were on level 4 of the Dungeon.
You were hungry.

You visited 1 branch of the dungeon, and saw 4 of its levels.

You collected 111 gold pieces.

Inventory:

Hand Weapons
 g - a +2 dagger of speed
 y - a +3 flail (weapon)
 C - a +2 whip of flaming
Armour
 c - a +0 robe (worn)
 h - a scarf of cold resistance (worn)
 z - a +0 helmet (worn)
Jewellery
 v - a ring of see invisible (left hand)
 D - a ring of magical power (right hand)
Wands
 w - a wand of iceblast (10/15)
Scrolls
 j - 3 scrolls of identify {unknown}
 k - a scroll of amnesia {unknown}
 m - 3 scrolls of magic mapping {unknown}
 n - 2 scrolls of remove curse {unknown}
 o - a scroll of teleportation {unknown}
 s - a scroll of fog {unknown}
 u - 2 scrolls of enchant armour {unknown}
 A - a scroll of noise {unknown}
Potions
 a - a potion of brilliance {unknown}
 f - a potion of haste
 l - a potion of ambrosia {unknown}
 p - a potion of cancellation {unknown}
 q - 5 potions of curing {unknown}
 r - a potion of magic {unknown}
 x - a potion of degeneration {unknown}
Books
 e - a book of Geomancy

   Spells                             Type                      Level
   a - Sandblast                      Earth                        1
   b - Passwall                       Transmutation/Earth          2
   c - Stone Arrow                    Conjuration/Earth            3
   d - Petrify                        Transmutation/Earth          4
   e - Lee's Rapid Deconstruction     Earth                        5
Comestibles
 d - 2 bread rations
 i - 2 meat rations
 t - a royal jelly
 B - 7 fruits


   Skills:
 - Level 1.5 Dodging
 - Level 2.1 Stealth
 + Level 4.1 Spellcasting
   Level 0.7 Transmutations
 + Level 6.2 Earth Magic


You had 9 spell levels left.
You knew the following spells:

 Your Spells              Type           Power        Failure   Level  Hunger
a - Sandblast             Erth           ###...       1%          1    None
b - Stone Arrow           Conj/Erth      ##....       14%         3    ###....


Dungeon Overview and Level Annotations

Branches:
Dungeon (4/15)
 Temple: D:4-7

Altars:
Cheibriados
Elyvilon
Fedhas


Innate Abilities, Weirdness & Mutations

You are resistant to torment.
Your stone body is resilient. (AC +4)
You are immune to poison.
You resist negative energy. (rN+)
You are resistant to electric shocks. (rElec)
You can survive without breathing.
You are immune to petrification.
You are immune to rotting.


Message History

The gnoll hits you from afar with a vampiric halberd.
* * * LOW HITPOINT WARNING * * *
Casting: Sandblast
Confirm with . or Enter, or press ? or * to list all spells.
Aiming: Sandblast
Press: ? - help, Shift-Dir - straight line, f/p - gnoll
Aim: a gnoll, wielding a vampiric halberd (almost dead)
The blast of sand hits the gnoll.
You kill the gnoll!
b - a stone
Casting: Sandblast
Confirm with . or Enter, or press ? or * to list all spells.
Aiming: Sandblast
Press: ? - help, Shift-Dir - straight line, f - gnoll
Aim: a gnoll, wielding a spear The blast of sand hits the gnoll.
The gnoll is severely wounded.
You now have no stones remaining.
The gnoll hits you from afar with a spear.
You die...

.........
.........
#............
#............ ###
#..g......... #<#
#............
#@####............
#..ggg......).....
#####.............
..............<
####............
#............
#............
#............
#............


You could see 3 gnolls.

Vanquished Creatures
  An orc wizard (D:4)
  9 gnolls
  2 adders (D:3)
  An ooze (D:3)
  3 worms (D:3)
  2 dart slugs
  2 leopard geckos
  8 orcs
  5 giant cockroaches
  6 goblins
  12 hobgoblins
  7 jackals
  8 bats
  3 frilled lizards (D:2)
  9 kobolds
  8 rats
86 creatures vanquished.

Vanquished Creatures (others)
  A goblin (D:2)
1 creature vanquished.

Grand Total: 87 creatures vanquished

Notes
Turn   | Place    | Note
-------+----------+-------------------------------------------
     0 | D:1      | Dfrag the Gargoyle Earth Elementalist began the quest for the Orb.
     0 | D:1      | Reached XP level 1. HP: 10/10 MP: 3/3
   145 | D:1      | Reached XP level 2. HP: 7/15 MP: 3/5
   303 | D:1      | Reached skill level 4 in Earth Magic
   585 | D:2      | Reached XP level 3. HP: 16/19 MP: 7/7
   590 | D:2      | Learned a level 3 spell: Stone Arrow
   675 | D:2      | Found a snail-covered altar of Cheibriados.
   774 | D:2      | Found a white marble altar of Elyvilon.
  1021 | D:2      | Reached XP level 4. HP: 15/24 MP: 1/8
  1153 | D:3      | Reached skill level 5 in Earth Magic
  1258 | D:3      | Found a blossoming altar of Fedhas.
  1309 | D:3      | Reached XP level 5. HP: 14/28 MP: 0/10
  1927 | D:3      | Reached skill level 6 in Earth Magic
  1989 | D:4      | Reached XP level 6. HP: 10/32 MP: 12/12
  1992 | D:4      | Slain by a gnoll

Vault maps used:
D:1:      dpeg_arrival_rooms_c, minmay_tetromino_o4
D:2:      cheibriados_altar_1, elyvilon_altar_4
D:3:      fedhas_altar_fruit_tree, first_bread
D:4:      gup_ossuary_entry_pyramid, gup_sewer_entry_glass

Skill      XL: |  1  2  3  4  5 |
---------------+----------------+-----
Earth Magic    | 4 5 6 |  6.2
Spellcasting   | 3 4 |  4.1
Dodging        | |  1.5
Stealth        | |  2.1
Transmutations | |  0.7

Action                   |  1- 3 |  4- 6 || total
-------------------------+-------+-------++-------
Melee: Dagger            |    72 |    14 ||    86
       Unarmed           |     4 |       ||     4
       Flail             |       |    78 ||    78
 Cast: Sandblast         |    37 |    32 ||    69
       Stone Arrow       |       |    10 ||    10
 Stab: Sleeping          |     2 |       ||     2
  Eat: Chunk             |     1 |     3 ||     4
Armor: Robe              |    30 |    48 ||    78
Dodge: Dodged            |    50 |    83 ||   133
